 Dungeon Crawl Stone Soup version 0.28-a0-445-g51f8dfeb47 (webtiles) character file.

Game seed: 6777805936405775905

31 GenialerGandalf the Skirmisher (level 3, -2/33 HPs)
             Began as a Hill Orc Fighter on Sept 13, 2021.
             Succumbed to a scorpion's poison
             ... on level 2 of the Dungeon.
             The game lasted 00:05:18 (1599 turns).

GenialerGandalf the Skirmisher (Hill Orc Fighter)   Turns: 1599, Time: 00:05:18

Health: -2/33      AC:  9    Str: 19    XL:     3   Next: 22%
Magic:  3/3        EV:  7    Int:  8    God:
Gold:   78         SH:  4    Dex: 10    Spells: 2/2 levels left

rFire   + . .      SeeInvis .   a - +0 war axe
rCold   x . .      Faith    .   c - +0 buckler
rNeg    . . .      Spirit   .   f - +0 chain mail
rPois   .          Reflect  .   (no helmet)
rElec   .          Harm     .   (no cloak)
rCorr   .          Rampage  .   (no gloves)
Will    .....                   (no boots)
Stlth   ..........              (no amulet)
HPRegen 0.11/turn               g - ring of fire
MPRegen 0.08/turn               (no ring)

@: lethally poisoned (-2 -> -17), flying
A: no striking features
a: no special abilities


You were on level 2 of the Dungeon.
You visited 1 branch of the dungeon, and saw 2 of its levels.

You collected 78 gold pieces.

Inventory:

Hand Weapons
 a - a +0 war axe (weapon)
Armour
 b - a +0 scale mail
 c - a +0 buckler (worn)
 f - a +0 chain mail (worn)
Jewellery
 g - a ring of fire (left hand)
Scrolls
 e - a scroll of teleportation {unknown}
Potions
 d - a potion of might
 h - a potion of flight
 i - 2 potions of curing {unknown}


   Skills:
 + Level 3.9 Fighting
 + Level 3.5 Axes
 + Level 3.5 Armour
 + Level 3.8 Shields


You had 2 spell levels left.
You didn't know any spells.
Your spell library was empty.

Dungeon Overview and Level Annotations

Branches:
Dungeon (2/15)

Altars:

Shops:
D:1 !?


Message History

The hobgoblin hits you but does no damage.
The hobgoblin barely misses you.
You slash the hobgoblin!
You kill the hobgoblin!
You see here a hobgoblin corpse.
A scorpion comes into view.
Found a ring mail.
The scorpion moves out of view.
A hobgoblin comes into view.
You closely miss the scorpion. The scorpion stings you.
You closely miss the scorpion. The scorpion stings you.
You block the scorpion's attack.
You closely miss the scorpion. The scorpion stings you.
You are poisoned.
The scorpion poisons you! The scorpion barely misses you.
You slash the scorpion!
The scorpion is severely wounded.
You feel very sick. The scorpion closely misses you.
You closely miss the scorpion.
The scorpion is severely wounded.
You feel sick. The scorpion stings you.
The scorpion stings you but does no damage.
You hit the scorpion.
The scorpion is severely wounded.
You feel sick.
The scorpion stings you but does no damage.
You closely miss the scorpion.
The scorpion is severely wounded.
You feel sick. The scorpion stings you.
* * * LOW HITPOINT WARNING * * *
The scorpion stings you.
* * * LOW HITPOINT WARNING * * *
You are lethally poisoned!
The scorpion poisons you!
* * * LOW HITPOINT WARNING * * *
You feel very sick.
It was a potion of flight.
You feel very buoyant.
You fly up into the air.
You die...

#############
###....@s.g...# #####
#...†.#######.#
#...####.###...........
#...<....# #.#######..s..
#...####.###...............
##.## #......######.g...[.
#.# #####..# ......#
####.### #..## ...#...##
.......# #...# .#


You could see a scorpion and a hobgoblin.

Vanquished Creatures
  A dart slug (D:1)
  2 ball pythons
  4 bats (D:1)
  5 endoplasms (D:1)
  2 giant cockroaches
  2 hobgoblins
  A quokka (D:1)
  6 kobolds (D:1)
  2 rats (D:1)
25 creatures vanquished.

Notes
Turn   | Place    | Note
-------+----------+-------------------------------------------
     0 | D:1      | GenialerGandalf the Hill Orc Fighter began the quest for
                  | the Orb.
     0 | D:1      | Reached XP level 1. HP: 19/19 MP: 1/1
   273 | D:1      | Reached XP level 2. HP: 23/27 MP: 2/2
   731 | D:1      | Found Ynatihaa's Distillery.
   811 | D:1      | Found Oloum's Magic Scroll Emporium.
   844 | D:1      | Reached XP level 3. HP: 27/33 MP: 3/3
  1583 | D:2      | Noticed a scorpion
  1598 | D:2      | HP: 1/33 [poisoned by a scorpion]
  1599 | D:2      | Succumbed to a scorpion's poison

Illustrated notes

Levels and vault maps discovered:
D:1:      dpeg_arrival_castle, layout_loops_ring, serial_shops,
          nicolae_shop_behind_doors, shop, minmay_tetromino_t2
D:2:      layout_loops_ring

Skill      XL: |  1 |
---------------+----+-----
Axes           | 3 |  3.5
Fighting       | |  3.9
Armour         | |  3.5
Shields        | |  3.8

Action                   || total
-------------------------++-------
Melee: War axe           ||    74
  Use: Potion            ||     1
Armor: Scale mail        ||    23
       Chain mail        ||    44
Dodge: Dodged            ||    37
Block: Buckler           ||    22

Table legend: (Time is in decaauts)
 A = Elapsed time spent in this place.
 B = Non-inter-level travel time spent in this place.
 C = Inter-level travel time spent in this place.
 D = Time resting spent in this place.
 E = Time spent auto-exploring this place.
 F = Levels seen in this place.
 G = Mean time per level.
                   A        B        C        D        E       F      G
               +--------+--------+--------+--------+--------+-----+--------+
         Total |   1649 |   1520 |    129 |      0 |    615 |   2 |  824.5 |
       Dungeon |   1649 |   1520 |    129 |      0 |    615 |   2 |  824.5 |
               +--------+--------+--------+--------+--------+-----+--------+

Top non-repeatable levels by time:
     D:1: 1386 daAuts
     D:2: 263 daAuts
